 Dungeon Crawl Stone Soup version 0.20-a0-465-g6513c8f (webtiles) character file.

298 Ijustatesigmund the Conjurer (level 6, -1/32 HPs)
             Began as a Deep Elf Wizard on Jan 12, 2017.
             Slain by a hobgoblin
             ... wielding a cursed +0 club
             ... led by Robin
              (9 damage)
             ... on level 4 of the Dungeon.
             The game lasted 00:11:42 (3465 turns).

Ijustatesigmund the Conjurer (Deep Elf Wizard)      Turns: 3465, Time: 00:11:42

Health: -1/32      AC:  3    Str:  4    XL:     6   Next: 13%
Magic:  1/14       EV: 13    Int: 23    God:
Gold:   77         SH:  0    Dex: 15    Spells: 2/13 levels left

rFire  . . .     SeeInvis .     r - +0 short sword (curse)
rCold  . . .     Gourm    +     a - +0 robe
rNeg   . . .     Faith    .     (no shield)
rPois  .         Spirit   .     k - +0 helmet
rElec  .         Reflect  .     (no cloak)
rCorr  +         Harm     .     (no gloves)
MR     .....                    (no boots)
Stlth  ++........               e - amulet of the gourmand
                                (no ring)
                                h - ring of resist corrosion

@: hasted, repel missiles, very quick
A: no striking features
a: no special abilities


You were on level 4 of the Dungeon.
You were not hungry.

You visited 1 branch of the dungeon, and saw 4 of its levels.

You collected 77 gold pieces.

Inventory:

Hand Weapons
 r - a cursed +0 short sword (weapon)
Missiles
 f - 4 javelins (quivered)
Armour
 a - a +0 robe (worn)
 k - a +0 helmet (worn)
Jewellery
 e - an amulet of the gourmand (around neck)
 h - a ring of resist corrosion (left hand)
Scrolls
 q - a scroll of remove curse
Potions
 b - a potion of resistance
 j - a potion of curing
 l - 2 potions of might {unknown}
 m - 2 potions of flight {unknown}
 n - a potion of brilliance {unknown}
Books
 c - a book of Minor Magic

   Spells                             Type                      Level
   a - Magic Dart                     Conjuration                  1
   b - Blink                          Translocation                2
   c - Call Imp                       Summoning                    2
   d - Repel Missiles                 Charms/Air                   2
   e - Slow                           Hexes                        2
   f - Conjure Flame                  Conjuration/Fire             3
   g - Mephitic Cloud                 Conjuration/Poison/Air       3
Comestibles
 d - 2 bread rations
 g - a slice of pizza
 o - a meat ration


   Skills:
 - Level 2.4 Dodging
 - Level 2.4 Stealth
 - Level 4.4 Spellcasting
 - Level 4.5 Conjurations
   Level 1.1 Summonings
 + Level 2.7 Translocations
 + Level 2.1 Fire Magic
 + Level 2.0 Air Magic
 + Level 2.1 Poison Magic


You had 2 spell levels left.
You knew the following spells:

 Your Spells              Type           Power        Failure   Level  Hunger
a - Magic Dart            Conj           ####         1%          1    None
b - Blink                 Tloc           N/A          6%          2    None
c - Repel Missiles        Chrm/Air       #.....       12%         2    None
d - Mephitic Cloud        Conj/Pois/Air  ###.....     12%         3    ##.....
e - Conjure Flame         Conj/Fire      ###.....     10%         3    ##.....


Dungeon Overview and Level Annotations

Branches:
Dungeon (4/15)
 Temple: D:4-7

Altars:
Nemelex Xobeh
Okawaru

Annotations:
D:4 Robin


Message History

Aim: a hobgoblin, wielding a club and wearing a chain mail (unusually strong) That beam is likely to hit you.
Continue anyway?
Okay, then.
The hobgoblin no longer looks unusually strong.
Robin roars a battlecry!
The hobgoblin goes into a battle-frenzy!
Found a beef jerky.
You see here a potion of curing.
j - 2 potions of curing (gained 1)
The hobgoblin hits you with a club!
* * * LOW HITPOINT WARNING * * *
Casting: Mephitic Cloud
Confirm with . or Enter, or press ? or * to list all spells.
Aiming: Conjure Flame
Press: ? - help, Dir - move target cursor, p - hobgoblin The fire roars!
The hobgoblin misses you.
You feel better. The hobgoblin hits you with a club.
* * * LOW HITPOINT WARNING * * *
You feel yourself speed up. The hobgoblin hits you with a club!
You die...

#.......# #....%..# #.......#
#.......# #.......#
###.......########
.................#
#.....@.######.########
##...gg.#..............
###§...#..............
.........#####.####..............
......)........#########'####..#.
.....†)....#...#.................
.....?....###....#######.#####.##
......?..........#.........#.#.##
....†.#.).).#..#.#####.#.#.#.##


You could see Robin and a hobgoblin.

Vanquished Creatures
  A scorpion (D:3)
  2 worker ants (D:4)
  7 gnolls (D:3)
  6 adders
  3 worms
  2 dart slugs (D:2)
  2 leopard geckos
  8 orcs (D:3)
  3 giant cockroaches
  13 goblins
  6 hobgoblins
  4 jackals (D:2)
  A quokka (D:4)
  2 frilled lizards (D:2)
  5 kobolds
  3 rats (D:1)
68 creatures vanquished.

Notes
Turn   | Place    | Note
-------+----------+-------------------------------------------
     0 | D:1      | Ijustatesigmund the Deep Elf Wizard began the quest for the Orb.
     0 | D:1      | Reached XP level 1. HP: 10/10 MP: 7/7
   328 | D:1      | Found a sparkling altar of Nemelex Xobeh.
   520 | D:1      | Reached XP level 2. HP: 15/15 MP: 7/9
   524 | D:1      | Learned a level 2 spell: Blink
   527 | D:1      | Learned a level 2 spell: Repel Missiles
  1122 | D:2      | Reached XP level 3. HP: 19/19 MP: 4/10
  1486 | D:2      | Reached XP level 4. HP: 24/24 MP: 3/12
  1897 | D:3      | Learned a level 3 spell: Mephitic Cloud
  1901 | D:3      | Learned a level 3 spell: Conjure Flame
  1932 | D:3      | Reached skill level 1 in Fire Magic
  2064 | D:3      | Reached skill level 1 in Air Magic
  2135 | D:3      | Reached skill level 1 in Poison Magic
  2135 | D:3      | Reached XP level 5. HP: 22/28 MP: 10/13
  3304 | D:4      | Reached XP level 6. HP: 31/32 MP: 7/14
  3413 | D:4      | Found an iron altar of Okawaru.
  3429 | D:4      | Noticed Robin
  3465 | D:4      | Slain by a hobgoblin

Vault maps used:
D:1:      ncdulo_wetmaze, serial_forest, infiniplex_forest_clump_medium,
          infiniplex_forest_clump_tiny, infiniplex_forest_corner_2,
          infiniplex_forest_split, infiniplex_forest_end_2,
          nemelex_xobeh_ov_fountains_minmay
D:4:      kennysheep_the_goblin_king, okawaru_ov_weapons_minmay,
          uniq_crazy_yiuf_cottage, uniq_robin

Skill      XL: |  1  2  3  4  5  6 |
---------------+-------------------+-----
Conjurations   | 2 3 4 |  4.5
Fire Magic     | 1 2 |  2.1
Air Magic      | 1 2 |  2.0
Poison Magic   | 1 2 |  2.1
Translocations | 2 |  2.7
Dodging        | |  2.4
Stealth        | |  2.4
Spellcasting   | |  4.4
Summonings     | |  1.1

Action                   |  1- 3 |  4- 6 || total
-------------------------+-------+-------++-------
Melee: Dagger            |       |     8 ||     8
       Short sword       |       |     8 ||     8
 Cast: Magic Dart        |    56 |   120 ||   176
       Repel Missiles    |     1 |       ||     1
       Conjure Flame     |       |     5 ||     5
       Mephitic Cloud    |       |     3 ||     3
  Use: Scroll            |     3 |     3 ||     6
       Potion            |       |     2 ||     2
 Stab: Sleeping          |       |     1 ||     1
  Eat: Chunk             |     1 |     9 ||    10
       Beef jerky        |       |     1 ||     1
Armor: Robe              |       |     6 ||     6
Dodge: Dodged            |    13 |    33 ||    46
       Deflected         |     1 |     2 ||     3
